 Dungeon Crawl Stone Soup version 0.21.1-1-g345015f (webtiles) character file.

238 xccam the Cudgeler (level 5, -2/34 HPs)
             Began as a Demonspawn Gladiator on Mar 25, 2018.
             Was a Follower of Makhleb.
             Killed by nerve-wracking pain
             ... invoked by an orc priest
              (14 damage)
             ... on level 5 of the Dungeon.
             The game lasted 00:06:56 (3883 turns).

xccam the Cudgeler (Demonspawn Gladiator)           Turns: 3883, Time: 00:06:57

Health: -2/34      AC:  7    Str: 17    XL:     5   Next: 78%
Magic:  5/5        EV: 18    Int: 10    God:    Makhleb [*.....]
Gold:   227        SH:  0    Dex: 14    Spells: 4/4 levels left

rFire    . . .     SeeInvis +   a - +0 flail
rCold    . . .     Gourm    +   (no shield)
rNeg     . . .     Faith    .   b - +0 leather armour
rPois    .         Spirit   .   c - +0 helmet
rElec    .         Reflect  .   (no cloak)
rCorr    .         Harm     .   w - +0 pair of gloves
MR       .....                  (no boots)
Stlth    +.........             B - amulet of the gourmand
HPRegen  0.11/turn              m - ring of see invisible
MPRegen  0.09/turn              v - +6 ring of evasion

@: no status effects
A: claws 1, yellow scales 1, demonic guardian 1, frail 1, strong 1
a: Renounce Religion


You were on level 5 of the Dungeon.
You worshipped Makhleb.
Makhleb was aware of your devotion.
You were not hungry.

You visited 1 branch of the dungeon, and saw 5 of its levels.

You collected 227 gold pieces.

Inventory:

Hand Weapons
 a - a +0 flail (weapon)
Missiles
 d - 3 throwing nets (quivered)
Armour
 b - a +0 leather armour (worn)
 c - a +0 helmet (worn)
 j - a +1 hat
 q - a +0 large shield
 w - a +0 pair of gloves (worn)
Jewellery
 m - a ring of see invisible (left hand)
 p - an uncursed ring of wizardry
 v - a +6 ring of evasion (right hand)
 B - an amulet of the gourmand (around neck)
Wands
 z - a wand of disintegration (12)
 A - a wand of flame (35)
Scrolls
 e - 3 scrolls of immolation {unknown}
 g - 4 scrolls of identify
 i - 2 scrolls of fog {unknown}
 o - a scroll of remove curse
 s - a scroll of enchant weapon {unknown}
 t - a scroll of enchant armour {unknown}
 x - a scroll of magic mapping {unknown}
 y - a scroll of random uselessness {unknown}
Potions
 h - 4 potions of might {unknown}
 k - a potion of lignification
 l - a potion of mutation
 n - 3 potions of heal wounds
 r - a potion of flight {unknown}
 u - a potion of cancellation {unknown}
Comestibles
 f - 5 rations


   Skills:
 - Level 2.0 Fighting
 + Level 6.0 Maces & Flails
 - Level 1.7 Throwing
 - Level 2.6 Dodging


You had 4 spell levels left.
You didn't know any spells.

Dungeon Overview and Level Annotations

Branches:
Dungeon (5/15)
 Temple: D:4-7

Altars:
Ashenzari
Fedhas
Makhleb
Vehumet
Yredelemnul

Shops:
D:4 *


Innate Abilities, Weirdness & Mutations

You have sharp fingernails.
You are partially covered in yellow scales. (AC +2)
A weak demonic guardian rushes to your aid.
You are frail. (-10% HP)
Your muscles are strong. (Str +2)


Message History

Your white imp hits the orc priest but does no damage.
The hound zombie bites your white imp but does no damage.
The orc priest hits your white imp with a short sword.
Your white imp completely misses the hound zombie.
Found a stone staircase leading up.
You see here a mace.
Unknown command.
The hound zombie misses your white imp.
Your white imp barely misses the orc priest.
The orc priest hits you but does no damage.
Your white imp completely misses the hound zombie.
Found a tiny lapis lazuli amulet.
Unknown command.
You barely miss the orc priest.
The hound zombie closely misses your white imp.
Your white imp gestures at the orc priest.
The puff of frost misses the orc priest.
The orc priest calls down the wrath of Beogh upon you.
Pain shoots through your body!
You die...

#.. #..#
####..#
#.....######
###..........#
#..._......#
#......)<..#
.......5)..#
._..8.o@.Z5#
"......5...#
#....._.##.#
#.......# ...
###...#..
..... ###....
..... ###..
.<.. #...


You could see an orc priest, a shadow imp, a hound zombie and 2 friendly white
imps.

Vanquished Creatures
  A hound (D:4)
  2 bullfrog skeletons (D:4)
  A worker ant (D:4)
  3 adders
  A worm (D:3)
  2 leopard geckos
  5 orcs
  3 giant cockroaches
  5 goblins
  6 hobgoblins
  8 jackals
  9 kobolds
  A quokka (D:4)
  9 bats
  7 frilled lizards
  9 rats
72 creatures vanquished.

Vanquished Creatures (collateral kills)
  A scorpion (D:4)
1 creature vanquished.

Grand Total: 73 creatures vanquished

Notes
Turn   | Place    | Note
-------+----------+-------------------------------------------
     0 | D:1      | xccam the Demonspawn Gladiator began the quest for the Orb.
     0 | D:1      | Reached XP level 1. HP: 16/16 MP: 1/1
   133 | D:1      | Reached skill level 3 in Maces & Flails
   142 | D:1      | Gained mutation: You are partially covered in yellow scales. (AC +2) [demonic ancestry]
   142 | D:1      | Reached XP level 2. HP: 21/22 MP: 2/2
   416 | D:1      | Reached XP level 3. HP: 27/27 MP: 3/3
   733 | D:2      | Reached skill level 4 in Maces & Flails
  1367 | D:3      | Gained mutation: You are frail. (-10% HP) [potion of mutation]
  1367 | D:3      | Gained mutation: Your muscles are strong. (Str +2) [potion of mutation]
  1611 | D:3      | Found a faded altar of an unknown god.
  1620 | D:3      | Gained mutation: A weak demonic guardian rushes to your aid. [demonic ancestry]
  1620 | D:3      | Reached XP level 4. HP: 15/29 MP: 4/4
  1646 | D:3      | Became a worshipper of Makhleb the Destroyer
  1646 | D:3      | Reached * piety under Makhleb
  2444 | D:3      | Found a shattered altar of Ashenzari.
  2707 | D:4      | Reached skill level 5 in Maces & Flails
  2899 | D:4      | Gained mutation: You have sharp fingernails. [demonic ancestry]
  2899 | D:4      | Reached XP level 5. HP: 13/34 MP: 5/5
  3141 | D:4      | Reached skill level 6 in Maces & Flails
  3316 | D:4      | Found Zemeopou's General Store.
  3875 | D:5      | Entered Level 5 of the Dungeon
  3875 | D:5      | Found a radiant altar of Vehumet.
  3875 | D:5      | Found a basalt altar of Yredelemnul.
  3875 | D:5      | Found a blossoming altar of Fedhas.
  3883 | D:5      | Killed from afar by an orc priest

Skill      XL: |  1  2  3  4  5 |
---------------+----------------+-----
Maces & Flails | 3 4 5 6 |  6.0
Fighting       | |  2.0
Throwing       | |  1.7
Dodging        | |  2.6

Action                   |  1- 3 |  4- 6 || total
-------------------------+-------+-------++-------
Melee: Flail             |   151 |   123 ||   274
  Use: Potion            |     4 |       ||     4
       Scroll            |     2 |       ||     2
 Stab: Distracted        |     1 |       ||     1
       Sleeping          |     1 |       ||     1
  Eat: Chunk             |     2 |     3 ||     5
       Ration            |       |     2 ||     2
Armor: Leather armour    |    83 |    82 ||   165
       Skin              |     2 |       ||     2
Dodge: Dodged            |   141 |   132 ||   273
